 Dungeon Crawl Stone Soup version 0.30-a0-528-g8c47a4955b (webtiles) character file.

Game seed: 17452206035970252271

839 Shayle the Trooper (level 7, -1/56 HPs)
             Began as a Demonspawn Reaver on Dec 23, 2022.
             Was an Initiate of Ashenzari.
             Slain by an ogre
             ... wielding a +0 giant club
              (30 damage)
             ... on level 5 of the Dungeon.
             The game lasted 00:06:56 (3358 turns).

Shayle the Trooper (Demonspawn Reaver)              Turns: 3358, Time: 00:06:57

Health: -1/56      AC:  5    Str: 12    XL:     7   Next: 67%
Magic:  10/10      EV: 11    Int: 16    God:    Ashenzari [......]
Gold:   247        SH:  4    Dex: 19    Spells: 9/10 levels left

rFire   . . .      SeeInvis .    r - +7 mace of Shayle's Instant Death {drain, rN++ Dex+7}
rCold   + . .      Faith    .    (no shield)
rNeg    + + .      Spirit   .    l - +0 ring mail {rPois}
rPois   +          Reflect  .    (no helmet)
rElec   .          Harm     .    (no cloak)
rCorr   .          Rampage  .    (no gloves)
Will    .....                    (boots unavailable)
Stlth   ++                       (no amulet)
HPRegen 0.29/turn                (no ring)
MPRegen 0.12/turn                (no ring)

@: no status effects
A: hooves 3, foul stench 1, condensation shield, cold resistance 1
a: Renounce Religion


You were on level 5 of the Dungeon.
You worshipped Ashenzari.
Ashenzari was noncommittal.
You visited 2 branches of the dungeon, and saw 6 of its levels.

You collected 247 gold pieces.

Inventory:

Hand Weapons
 c - a +1 whip of electrocution
 r - the +7 mace of Shayle's Instant Death (weapon) {drain, rN++ Dex+7}
   (You found it on level 2 of the Dungeon)

   A truly terrible weapon, it drains the life of any living foe it strikes.
   Dex:       It affects your dexterity (+7).
   rN:        It greatly protects you from negative energy.
Missiles
 A - a throwing net
Armour
 a - a +0 leather armour
 l - a +0 ring mail of poison resistance (worn)
Jewellery
 f - an amulet of the acrobat
 k - a +4 ring of evasion
 u - a +6 ring of dexterity
 w - a ring of protection from fire
Wands
 z - a wand of roots (1)
Scrolls
 i - a scroll of fog {unknown}
 m - 2 scrolls of vulnerability {unknown}
 n - 5 scrolls of identify {unknown}
 v - a scroll of enchant weapon {unknown}
 x - a scroll of butterflies {unknown}
 y - a scroll of poison {unknown}
 B - a scroll of amnesia {unknown}
 C - a scroll of blinking {unknown}
Potions
 b - a potion of might {unknown}
 d - a potion of attraction {unknown}
 e - a potion of degeneration {unknown}
 g - a potion of mutation
 h - a potion of magic
 j - a potion of brilliance
 o - a potion of curing
 p - 2 potions of ambrosia {unknown}
 q - a potion of invisibility
 s - a potion of resistance {unknown}
 t - 2 potions of heal wounds {unknown}


   Skills:
 + Level 5.2 Fighting
 + Level 4.3 Armour
 - Level 1.7 Dodging
 + Level 4.7 Stealth
 - Level 2.8 Unarmed Combat
 - Level 2.0 Spellcasting
 - Level 3.0 Conjurations


You had 9 spell levels left.
You knew the following spells:

 Your Spells              Type           Power      Damage    Failure   Level
a - Kiss of Death         Conj/Necr      24%        2d7       24%         1

Your spell library contained the following spells:

 Spells                   Type           Power      Damage    Failure   Level
 Foxfire                  Conj/Fire      24%        2x1d5     24%         1
 Momentum Strike          Conj/Tloc      12%        3d8       34%         2
 Ensorcelled Hibernation  Hex/Ice        2%         N/A       54%         2
 Passwall                 Tmut/Erth      0%         N/A       54%         2
 Sublimation of Blood     Necr           1%         N/A       54%         2
 Hailstorm                Conj/Ice       6%         3d4       56%         3
 Ignite Poison            Fire/Tmut/Pois 1%         N/A       78%         3
 Kindle Blastsparks       Fire/Tloc/Air  2%         2d10      78%         3
 Swiftness                Air            1%         N/A       78%         3
 Ice Form                 Ice/Tmut       1%         N/A       99%         4
 Petrify                  Tmut/Erth      1%         N/A       99%         4
 Freezing Cloud           Conj/Ice/Air   2%         6-21      100%        5
 Irradiate                Conj/Tmut      3%         3d12      100%        5
 Simulacrum               Ice/Necr       0%         N/A       100%        6
 Ozocubu's Refrigeration  Ice            0%         4d7       100%        7
 Ignition                 Fire           0%         3d3       100%        8


Dungeon Overview and Level Annotations

Branches:
Dungeon (5/15)             Temple (1/1) D:4

Altars:
Ashenzari
Uskayaw
Vehumet
Wu Jian
Xom


Innate Abilities, Weirdness & Mutations

You have hooves in place of feet.
You may rarely emit foul miasma when damaged in melee.
A meltable shield of frost defends you. (SH +4)
Your flesh is cold resistant. (rC+)


Message History

Found a ring mail and a leather armour.
There is a stone staircase leading up here.
A hound is nearby!
Found a scroll labelled PIYLARUISU.
The hound barks!
The hound bites you but does no damage.
You sock the hound! You kick the hound.
The hound is severely wounded.
The hound closely misses you. The hound bites you.
A black bear comes into view.
The black bear growls angrily.
You hit the hound.
The hound is almost dead.
You block the hound's attack. The hound completely misses you.
You hit the hound.
You kill the hound!
You see here a hound corpse.
You barely miss the black bear. You kick the black bear.
The black bear is moderately wounded.
The black bear bites you but does no damage.
The black bear claws you but does no damage.
The black bear claws you.
You sock the black bear! You drain the black bear. You kick the black bear.
The black bear is almost dead.
You block the black bear's attack. The black bear misses you.
The black bear closely misses you.
The black bear goes berserk!
You hit the black bear.
You kill the black bear!
An ogre comes into view. It is wielding a +0 giant club.
You see here a hound corpse.
Found a stone staircase leading up.
Found a Necronomicon.
You hit the ogre. You kick the ogre!
The ogre is moderately wounded.
The ogre hits you with a +0 giant club!!
You sock the ogre! Your kick misses the ogre.
The ogre is almost dead.
The ogre hits you with a +0 giant club!!
Ouch! That really hurt!
You die...

#.. #.......# #..
#.##...# #.##.#[...#
..........##
#....<...#
###.......##
##..........# ##
#....†....O.###...
#.........@.......
##.[....#.........
#......#.........
#..................
.........#..........
.....?...#..........
...........##.......
......#..... ...#...
##...##....< ......#


You could see an ogre.

Vanquished Creatures
  2 black bears
  An ogre (D:4)
  An orc priest (D:4)
  2 jellies (D:4)
  4 hounds
  Natasha (thrice) (D:4)
  3 iguanas
  5 adders
  10 gnolls
  A worm (D:2)
  2 dart slugs
  3 orcs (D:4)
  10 ball pythons
  4 bats
  8 endoplasms
  2 giant cockroaches (D:2)
  7 goblins
  10 hobgoblins
  2 jackals (D:3)
  4 kobolds
  2 quokkas
  2 frilled lizards
  4 rats
92 creatures vanquished.

Notes
Turn   | Place    | Note
-------+----------+-------------------------------------------
     0 | D:1      | Shayle the Demonspawn Reaver began the quest for the Orb.
     0 | D:1      | Reached XP level 1. HP: 16/16 MP: 3/3
    89 | D:1      | Got the Secrets of the Albatross
   289 | D:1      | Gained mutation: A meltable shield of frost defends you.
                  | (SH +4) [demonic ancestry]
   289 | D:1      | Reached XP level 2. HP: 21/22 MP: 5/5
   426 | D:1      | Found a faded altar of an unknown god.
   464 | D:1      | Reached skill level 1 in Stealth
   897 | D:2      | Reached skill level 1 in Armour
   899 | D:2      | Gained mutation: Your flesh is cold resistant. (rC+)
                  | [potion of mutation]
   907 | D:2      | Reached XP level 3. HP: 16/28 MP: 6/6
   964 | D:2      | Found a hide-covered altar of Uskayaw.
  1176 | D:2      | Identified the +7 mace of Shayle's Instant Death {drain,
                  | rN++ Dex+7}
  1200 | D:2      | Gained mutation: You have large cloven feet. [demonic
                  | ancestry]
  1200 | D:2      | Reached XP level 4. HP: 23/34 MP: 7/7
  1252 | D:2      | Got the Octavo of Ignition and Evil
  1309 | D:2      | Reached skill level 3 in Fighting
  2067 | D:3      | Gained mutation: You have hoof-like feet. [demonic
                  | ancestry]
  2067 | D:3      | Reached XP level 5. HP: 29/41 MP: 8/8
  2209 | D:3      | Found an ornate altar of the Wu Jian Council.
  2216 | D:3      | Noticed a spectral centipede
  2216 | D:3      | Noticed a spectral black mamba
  2216 | D:3      | Noticed a spectral cane toad
  2337 | D:4      | Noticed an ogre
  2343 | D:4      | Killed an ogre
  2348 | D:4      | Gained mutation: You may rarely emit foul miasma when
                  | damaged in melee. [demonic ancestry]
  2348 | D:4      | Reached XP level 6. HP: 44/48 MP: 9/9
  2365 | D:4      | Found a radiant altar of Vehumet.
  2373 | D:4      | Reached skill level 4 in Fighting
  2579 | D:4      | Found a staircase to the Ecumenical Temple.
  2602 | Temple   | Entered the Ecumenical Temple
  2610 | Temple   | Became a worshipper of Ashenzari the Shackled
  2720 | D:4      | Noticed Natasha
  2728 | D:4      | Killed Natasha
  2735 | D:4      | Gained mutation: You have hooves in place of feet. [demonic
                  | ancestry]
  2735 | D:4      | Reached XP level 7. HP: 41/55 MP: 10/10
  2794 | D:4      | Noticed Natasha
  2803 | D:4      | Killed Natasha
  2972 | D:4      | Noticed Natasha
  2979 | D:4      | Killed Natasha
  2999 | D:4      | Reached skill level 5 in Fighting
  3142 | D:4      | Found a hide-covered altar of Uskayaw.
  3172 | D:4      | Found a shimmering altar of Xom.
  3176 | D:4      | Found a shimmering altar of Xom.
  3176 | D:4      | Found a shimmering altar of Xom.
  3176 | D:4      | Found a shimmering altar of Xom.
  3176 | D:4      | Found a shimmering altar of Xom.
  3177 | D:4      | Found a shimmering altar of Xom.
  3178 | D:4      | Found a shimmering altar of Xom.
  3333 | D:5      | Entered Level 5 of the Dungeon
  3358 | D:5      | Slain by an ogre

Illustrated notes

Levels and vault maps discovered:
D:1:      mrwooster_arrival_statue, layout_loops_ring, basic_ecumenical_altar,
          minmay_quantized
D:2:      layout_basic, basic_altar
D:3:      layout_rooms, pdpol_wu_jian_five_deadly_venoms
D:4:      layout_cave_pools, mainiacjoe_overflow_cross_hatched,
          mainiacjoe_overflow_concentric_impassable, xom_redecorated,
          temple_pool_b, hangedman_minor_gate_pass, uniq_natasha
D:5:      layout_cave_pools
Temple:   dpeg_chambers_temple

Skill      XL: |  1  2  3  4  5  6  7 |
---------------+----------------------+-----
Stealth        | 1 2 3 4 |  4.7
Armour         | 1 2 3 4 |  4.3
Fighting       | 3 4 5 |  5.2
Dodging        | |  1.7
Unarmed Combat | |  2.8
Spellcasting   | |  2.0
Conjurations   | |  3.0

Action                   |  1- 3 |  4- 6 |  7- 9 || total
-------------------------+-------+-------+-------++-------
Melee: Unarmed           |    26 |       |       ||    26
       Whip              |    54 |       |       ||    54
       Mace              |    10 |    94 |    34 ||   138
       Kick              |       |    16 |     8 ||    24
  Use: Potion            |     4 |       |       ||     4
 Stab: Sleeping          |       |     4 |     3 ||     7
       Distracted        |       |     1 |       ||     1
Armor: Leather armour    |    19 |       |       ||    19
       Ring mail         |     4 |    38 |    12 ||    54
Dodge: Dodged            |    52 |    68 |    22 ||   142
Block: Other             |    11 |    30 |    10 ||    51

Table legend: (Time is in decaauts)
 A = Elapsed time spent in this place.
 B = Non-inter-level travel time spent in this place.
 C = Inter-level travel time spent in this place.
 D = Time resting spent in this place.
 E = Time spent auto-exploring this place.
 F = Levels seen in this place.
 G = Mean time per level.
                   A        B        C        D        E       F      G
               +--------+--------+--------+--------+--------+-----+--------+
         Total |   3419 |   3329 |     90 |    268 |   2031 |   6 |  569.8 |
       Dungeon |   3400 |   3310 |     90 |    268 |   2031 |   5 |  680.0 |
        Temple |     18 |     18 |      0 |      0 |      0 |   1 |   18.0 |
               +--------+--------+--------+--------+--------+-----+--------+

Top non-repeatable levels by time:
     D:4: 1009 daAuts
     D:2: 939 daAuts
     D:1: 798 daAuts
     D:3: 625 daAuts
     D:5: 27 daAuts
  Temple: 18 daAuts
